cohdb
Replays
Latest Replays
All Replays
Popular Replays
Top Player Replays
Match Explorer
How It Works
Community
CoH3 Stats
Reddit
Sign in to upload your games and track your stats! →
Sign in with Steam
Match 44472401
Unlisted
Match 44472401
Overview
Messages
Build Orders
End
Kettenkrad Recon Vehicle
Construct Infanterie Kompanie
Selects Terror Battlegroup
Selects Machine Gun Camouflage
MG 42 Machine Gun Team
Grenadier Squad
GrW 34 Mortar Team
Grenadier Squad
Construct Luftwaffe Kompanie
221 Scout Car
Luftwaffe Officer Quarters
Jäger Squad
Jäger Squad
Pioneer Squad
Support Elements
Marder III M Tank Destroyer
Wirbelwind Flakpanzer
Jäger Squad
Selects Defend the Fatherland
Jäger Squad
Construct Panzer Kompanie
Selects King Tiger Heavy Tank
King Tiger Heavy Tank
G18AkimboBro
Stormyend
BANZAI
Arturokq
0
0
Comments
sign in to comment!
No comments posted yet!